 Dungeon Crawl Stone Soup version 0.19.0-24-gb05acd6 (webtiles) character file.

1287 CountDeLaPain the Cutter (level 8, 0/54 HPs)
             Began as a Halfling Fighter on Nov 22, 2016.
             Slain by an orc warrior
             ... wielding a +0 flail
              (7 damage)
             ... on level 6 of the Dungeon.
             The game lasted 00:20:00 (6383 turns).

CountDeLaPain the Cutter (Halfling Fighter)         Turns: 6383, Time: 00:20:00

Health: 0/54       AC: 10    Str: 17      XL:     8   Next: 85%
Magic:  8/8        EV: 16    Int:  8      God:
Gold:   282        SH: 11    Dex: 17 (19) Spells: 0 memorised, 7 levels left

rFire  . . .     SeeInvis .     a - +0 rapier
rCold  . . .     Gourm    .     b - +0 scale mail
rNeg   . . .     Faith    .     c - +0 shield
rPois  .         Spirit   .     D - +0 helmet
rElec  .         Reflect  .     C - +1 cloak {+Inv}
rCorr  .         Harm     .     (no gloves)
MR     .....                    (no boots)
Stlth  +.........               (no amulet)
                                (no ring)
                                (no ring)

@: agile, very slightly contaminated, hasted, very quick
A: mutation resistance 1
a: Evoke Invisibility


You were on level 6 of the Dungeon.
You were hungry.

You visited 1 branch of the dungeon, and saw 6 of its levels.
You also visited: Sewer.

You collected 282 gold pieces.

Inventory:

Hand Weapons
 a - a +0 rapier (weapon)
Armour
 b - a +0 scale mail (worn)
 c - a +0 shield (worn)
 v - a +0 cloak
 C - a +1 cloak of invisibility (worn)
 D - a +0 helmet (worn)
Jewellery
 j - a cursed ring of loudness
 n - an uncursed ring of protection from cold {unknown}
Wands
 q - a wand of iceblast (0/15)
Scrolls
 d - 2 scrolls of teleportation
 e - 2 scrolls of amnesia
 k - a scroll of recharging {unknown}
 l - 2 scrolls of fear
 p - 3 scrolls of enchant armour
Potions
 h - 2 potions of haste
 i - 5 potions of curing
 m - a potion of resistance {unknown}
 o - a potion of lignification {unknown}
 r - a potion of berserk rage {unknown}
 s - a potion of magic {unknown}
 t - a potion of ambrosia {unknown}
 u - a potion of cancellation {unknown}
 w - 3 potions of agility
 x - a potion of degeneration {unknown}
 z - 6 potions of flight {unknown}
 A - 2 potions of heal wounds {unknown}
 B - a potion of invisibility {unknown}
Books
 y - a book of Misfortune

   Spells                             Type                      Level
   a - Confusing Touch                Hexes                        1
   b - Confuse                        Hexes                        3
   c - Gell's Gravitas                Hexes/Translocation          3
   d - Petrify                        Transmutation/Earth          4
   e - Metabolic Englaciation         Hexes/Ice                    5
   f - Yara's Violent Unravelling     Hexes/Transmutation          5
Comestibles
 f - 4 bread rations
 g - 4 fruits
 F - 2 chunks of flesh


   Skills:
 + Level 4.3 Fighting
 + Level 7.6 Short Blades
 + Level 5.3 Armour
 + Level 2.9 Dodging
 + Level 6.5 Shields


You had 7 spell levels left.
You didn't know any spells.

Dungeon Overview and Level Annotations

Branches:
Dungeon (6/15)
 Temple: D:4-7

Altars:
Cheibriados
Elyvilon
Gozag
Nemelex Xobeh
Ru

Shops:
D:5 *

Annotations:
D:4 meatyocre's ghost, novice MiFi


Innate Abilities, Weirdness & Mutations

You are small and have problems with some larger weapons.
You are somewhat resistant to further mutation.


Message History

Evoking this partially-identified wand wasted a few charges.
The phantom blinks!
Evoke which item? (* to show all) (? for menu, Esc to quit)
Zapping:
q - a wand of iceblast {zapped: 4} (will waste charges)
Press: ? - help, Shift-Dir - straight line, f - orc warrior
Aim: an orc warrior, wielding a flail and wearing a plate armour (severely wounded)
The mass of ice explodes!
The iceblast engulfs the orc warrior.
The orc warrior is almost dead.
Evoking this partially-identified wand wasted a few charges.
Evoke which item? (* to show all) (? for menu, Esc to quit)
Zapping:
q - a wand of iceblast {zapped: 6} (will waste charges)
Press: ? - help, Shift-Dir - straight line, f/p - orc warrior
Aim: an orc warrior, wielding a flail and wearing a plate armour (almost dead) Nothing appears to happen.
Number of times to repeat, then command key: You must enter the number of times for the command to repeat.
You hit the orc warrior but do no damage.
The orc warrior is almost dead.
The orc warrior hits you with a flail!
You die...

### .# #...# ... .. #...#
#.#####.# ###...##
#.#.....# ......
#.#.##..##.
######...######.#.##.....
..>.....................
#.##...######.#.##)###.
#.....@o.o.oo....#.###.
#.............)..o.o...
####.#........#.#..#o####
#......######.#.#..#$#
#.....<.....#.#.#.(#.#
#.....W.....#.#.#..#.#
#.....#.......#.####.#
#.............#.. ..#
#.....#.......### #..


You could see a phantom, an orc warrior and 3 orcs.

Vanquished Creatures
  Grinder (D:4)
  2 ogres
  2 centaurs (D:5)
  A big kobold (Sewer)
  A scorpion (D:4)
  A howler monkey (D:4)
  A bullfrog zombie (D:4)
  A quasit (D:6)
  A hound (D:4)
  A jelly (D:5)
  Crazy Yiuf (D:3)
  An orc priest (D:3)
  3 orc wizards
  A worker ant (D:5)
  2 worker ant zombies
  3 gnolls
  A howler monkey skeleton (D:5)
  12 adders
  2 river rats (Sewer)
  An adder skeleton (D:6)
  3 worms
  2 dart slugs
  A leopard gecko (D:6)
  18 orcs
  A ball python (D:5)
  5 giant cockroaches
  8 goblins
  9 hobgoblins
  5 jackals
  2 quokkas (D:3)
  9 bats
  2 frilled lizards
  12 kobolds
  10 rats
126 creatures vanquished.

Notes
Turn   | Place    | Note
-------+----------+-------------------------------------------
     0 | D:1      | CountDeLaPain the Halfling Fighter began the quest for the Orb.
     0 | D:1      | Reached XP level 1. HP: 15/15 MP: 1/1
   301 | D:1      | Found a snail-covered altar of Cheibriados.
   330 | D:1      | Reached XP level 2. HP: 20/20 MP: 2/2
   851 | D:1      | Reached XP level 3. HP: 26/26 MP: 3/3
   916 | D:2      | Reached skill level 3 in Short Blades
  1281 | D:2      | Found a sacrificial altar of Ru.
  1296 | D:2      | Found a sparkling altar of Nemelex Xobeh.
  1327 | D:2      | Reached XP level 4. HP: 31/31 MP: 4/4
  1802 | D:2      | Found an opulent altar of Gozag.
  1817 | D:2      | Found a white marble altar of Elyvilon.
  2224 | D:4      | HP: 1/31 [gnoll/club (4)]
  2226 | D:4      | Reached XP level 5. HP: 2/36 MP: 5/5
  2541 | D:4      | Noticed an ogre
  2554 | D:4      | Reached skill level 1 in Dodging
  2571 | D:4      | Killed an ogre
  2571 | D:4      | Reached skill level 4 in Short Blades
  2571 | D:4      | Reached XP level 6. HP: 21/42 MP: 6/6
  2863 | D:4      | Noticed meatyocre's ghost (novice MiFi)
  3667 | D:3      | Reached skill level 5 in Shields
  3667 | D:3      | Reached XP level 7. HP: 36/46 MP: 7/7
  3965 | D:3      | Found a runed door.
  3969 | D:3      | Noticed Crazy Yiuf
  3978 | D:3      | Killed Crazy Yiuf
  4203 | D:3      | Reached skill level 5 in Short Blades
  4457 | D:4      | Noticed Grinder
  4470 | D:4      | Paralysed by Grinder for 6 turns
  4479 | D:4      | Paralysed by Grinder for 3 turns
  4489 | D:4      | Killed Grinder
  4923 | D:4      | Reached skill level 6 in Short Blades
  4923 | D:4      | Reached XP level 8. HP: 41/54 MP: 8/8
  5133 | D:4      | Reached skill level 5 in Armour
  5286 | D:5      | Entered Level 5 of the Dungeon
  5439 | D:5      | Found Aluymaihae's Assorted Antiques.
  5563 | D:5      | Reached skill level 7 in Short Blades
  5661 | D:5      | Found a glowing drain.
  5708 | Sewer    | Entered a sewer
  5871 | Sewer    | Found a white marble altar of Elyvilon.
  6383 | D:6      | Slain by an orc warrior

Skill      XL: |  1  2  3  4  5  6  7  8 |
---------------+-------------------------+-----
Fighting       | 3 4 |  4.3
Short Blades   | 3 4 6 7 |  7.6
Shields        | 4 5 6 |  6.5
Dodging        | 1 2 |  2.9
Armour         | 4 5 |  5.3

Action                   |  1- 3 |  4- 6 |  7- 9 || total
-------------------------+-------+-------+-------++-------
Melee: Rapier            |    90 |   253 |   377 ||   720
Evoke: Wand              |       |       |     3 ||     3
  Use: Potion            |       |     1 |     2 ||     3
       Scroll            |       |       |    10 ||    10
 Stab: Distracted        |     1 |       |       ||     1
  Eat: Chunk             |     1 |     8 |     9 ||    18
Armor: Scale mail        |    35 |    89 |   124 ||   248
Dodge: Dodged            |    24 |   105 |   178 ||   307
Block: Shield            |    51 |   167 |   242 ||   460
